 Dungeon Crawl Stone Soup version 0.29-a0-367-gc2b5878c41 (webtiles) character file.

Game seed: 6968618980518735749

19 Ge0ff the Cutter (level 2, -1/25 HPs)
             Began as a Djinni Monk on May 1, 2022.
             Was a Priest of Wu Jian.
             Slain by a goblin
             ... wielding a +0 club
              (3 damage)
             ... on level 2 of the Dungeon.
             The game lasted 00:01:13 (291 turns).

Ge0ff the Cutter (Djinni Monk)                       Turns: 291, Time: 00:01:14

Health: -1/25      AC:  2    Str: 10    XL:     2   Next: 95%
Gold:   26         EV: 13    Int: 11    God:    Wu Jian [***...] SH:  0 Dex: 15

rFire   + + .      SeeInvis .   a - +0 short sword
rCold   x . .      Faith    .   (no shield)
rNeg    . . .      Spirit   .   b - +0 robe
rPois   ∞          Reflect  .   (no helmet)
rElec   .          Harm     .   (no cloak)
rCorr   .          Rampage  .   (no gloves)
Will    .....                   (boots unavailable)
Stlth   ++........              (no amulet)
HPRegen 0.08/turn               (no ring)
MPRegen 0.00/turn               (no ring)

@: flying
A: sickness immunity, fire resistance 2, cold vulnerability 1, float, innate
caster, HP casting, extra vitality 1
a: Renounce Religion, Wall Jump, Serpent's Lash


You were on level 2 of the Dungeon.
You worshipped Wu Jian.
Wu Jian was most pleased with you.
You visited 1 branch of the dungeon, and saw 2 of its levels.

You collected 26 gold pieces.

Inventory:

Hand Weapons
 a - a +0 short sword (weapon)
Armour
 b - a +0 robe (worn)
Jewellery
 r - a +4 ring of evasion
Scrolls
 p - a scroll of enchant weapon {unknown}
 q - a scroll of magic mapping {unknown}
Potions
 o - a potion of ambrosia


   Skills:
 - Level 3.0 Fighting
 + Level 3.6 Short Blades
 - Level 3.2 Dodging
 - Level 1.5 Stealth


You had one spell level left.
You didn't know any spells.
Your spell library was empty.

Dungeon Overview and Level Annotations

Branches:
Dungeon (1/15)

Altars:
Wu Jian

Shops:
D:1 ?


Innate Abilities, Weirdness & Mutations

You are immune to sickness and miasma.
You are immune to poison.
Your flesh is very heat resistant. (rF++)
You are vulnerable to cold. (rC-)
You float through the air rather than walking.
You learn spells naturally, not from books.
Your magical power is your life essence.
You have superior vitality. (+4 MHP)


Message History

You hit the bat.
You kill the bat!
The Council accepts your kill.
Found 8 gold pieces.
You lunge at the kobold.
You hit the kobold.
You kill the kobold!
The Council accepts your kill.
You spin and attack the hobgoblin.
You barely miss the hobgoblin. The hobgoblin closely misses you.
You spin and attack the goblin.
You hit the goblin.
The goblin is heavily wounded.
You spin and attack the hobgoblin.
You hit the hobgoblin.
The hobgoblin is moderately wounded.
The hobgoblin hits you but does no damage.
You closely miss the hobgoblin. The hobgoblin closely misses you.
The goblin barely misses you. The hobgoblin misses you.
You barely miss the hobgoblin. The hobgoblin barely misses you.
The goblin hits you but does no damage. The hobgoblin closely misses you.
You hit the hobgoblin.
The hobgoblin is lightly wounded.
The goblin closely misses you. The hobgoblin barely misses you.
The hobgoblin misses you.
You closely miss the hobgoblin.
The hobgoblin is lightly wounded.
The goblin hits you but does no damage. The hobgoblin closely misses you.
The hobgoblin barely misses you.
You completely miss the hobgoblin.
The hobgoblin is lightly wounded.
Unknown command.
You hit the hobgoblin.
The hobgoblin is moderately wounded.
The hobgoblin barely misses you. The goblin closely misses you.
The hobgoblin hits you.
You hit the hobgoblin.
The hobgoblin is heavily wounded.
The hobgoblin hits you. The goblin barely misses you. The hobgoblin misses you.
You barely miss the hobgoblin.
The hobgoblin is heavily wounded.
The hobgoblin hits you. The goblin hits you with a +0 club.
The hobgoblin misses you. The goblin closely misses you.
The hobgoblin hits you.
* * * LOW HITPOINT WARNING * * *
The hobgoblin barely misses you. The goblin barely misses you.
The hobgoblin barely misses you. The hobgoblin hits you.
* * * LOW HITPOINT WARNING * * *
The hobgoblin misses you. The goblin hits you with a +0 club.
* * * LOW HITPOINT WARNING * * *
The hobgoblin hits you but does no damage.
The hobgoblin barely misses you. The goblin hits you with a +0 club.
You die...

##################
#..b..............
#..##...#....####
#.# #...#....#
#.###..##..gg######
#..?...###..@gr..$#
#..†..## #...#....#
#...### #...#....#
#.#### ##..# ?..#
#....#### #..# ##.#
###.......####..
...
###.†.........###.
..
....#..........###
#####.###.####..#


You could see 2 hobgoblins, a goblin and a rat.

Vanquished Creatures
  2 ball pythons (D:2)
  4 bats
  2 endoplasms (D:2)
  A giant cockroach (D:2)
  A goblin (D:1)
  3 frilled lizards (D:1)
  2 kobolds (D:2)
  5 rats (D:2)
20 creatures vanquished.

Notes
Turn   | Place    | Note
-------+----------+-------------------------------------------
     0 | D:1      | Ge0ff the Djinni Monk began the quest for the Orb.
     0 | D:1      | Reached XP level 1. HP: 20/20 MP: 0/0
   135 | D:1      | Found a faded altar of an unknown god.
   149 | D:1      | Prayed at the altar of an unknown god.
   149 | D:1      | Became a worshipper of the Wu Jian Council
   149 | D:1      | Reached * piety under Wu Jian
   149 | D:1      | Reached ** piety under Wu Jian
   156 | D:1      | Found Raacsu's Magic Scroll Shop.
   230 | D:1      | You are sucked into a shaft and drop 1 floor!
   232 | D:2      | Reached XP level 2. HP: 25/25 MP: 0/0
   237 | D:2      | Reached *** piety under Wu Jian
   291 | D:2      | Slain by a goblin

Illustrated notes

Levels and vault maps discovered:
D:1:      minmay_arrival_doors, layout_rooms, shapermc_ecumenical_altar_pompeii,
          serial_shops, shop, minmay_tree_intersection
D:2:      minmay_recursive_quarters, layout_loops_ring, corexii_hall_statues_i

Skill      XL: |  1 |
---------------+----+-----
Short Blades   | 3 |  3.6
Fighting       | |  3.0
Dodging        | |  3.2
Stealth        | |  1.5

Action                   || total
-------------------------++-------
Melee: Short sword       ||    63
Invok: Whirlwind         ||    13
       Lunge             ||     6
  Use: Scroll            ||     1
 Stab: Sleeping          ||     4
Armor: Robe              ||    20
Dodge: Dodged            ||    55

Table legend: (Time is in decaauts)
 A = Elapsed time spent in this place.
 B = Non-inter-level travel time spent in this place.
 C = Inter-level travel time spent in this place.
 D = Time resting spent in this place.
 E = Time spent auto-exploring this place.
 F = Levels seen in this place.
 G = Mean time per level.
                   A        B        C        D        E       F      G
               +--------+--------+--------+--------+--------+-----+--------+
         Total |    287 |    287 |      0 |      0 |    125 |   2 |  143.5 |
       Dungeon |    287 |    287 |      0 |      0 |    125 |   2 |  143.5 |
               +--------+--------+--------+--------+--------+-----+--------+

Top non-repeatable levels by time:
     D:1: 229 daAuts
     D:2: 58 daAuts
